AoeStats
← [CL] Al3jandr0.magn00

Arabia

504791178Analyzed
1v1 RM · 25d ago on Sep 6, 2026· 54m 40s· 2 players
Game mode
Random Map
Map size
Tiny (2 player)
Population
200
Speed
Normal
Resources
Standard
Victory
Conquest
Starting age
Dark Age
Ending age
Imperial Age
RankedLock teamsTeams togetherTeam positionsShared explorationLock speedFull tech treeHidden civsTurbo modeCheats
Victory
Defeat
🇦🇷 Inca · Argentina
1937
+15
🇪🇸 Muisca · Spain
1917
-15
OSO_CT
6:20 Loom
8:55 Feudal Age
9:14 Champi Runner
9:59 Double-Bit Axe
19:40 Castle Age
18:04 Fletching
18:43 Horse Collar
19:40 Wheelbarrow
19:43 Crossbowman
20:18 Bodkin Arrow
21:41 Bow Saw
26:54 Town Watch
36:06 Imperial Age
33:56 Gold Mining
34:25 Padded Archer Armor
35:30 Thumb Ring
35:32 Stone Mining
35:43 Heavy Plow
36:13 Leather Archer Armor
36:54 Bracer
37:55 Chemistry
37:16 Ballistics
37:22 Hand Cart
39:27 Conscription
38:39 Arbalester
40:01 Huaracas
39:59 Herbalism
43:28 Masonry
44:23 Forging
44:13 Scale Mail Armor
49:11 Iron Casting
48:52 Chain Mail Armor
[CL] Al3jandr0.magn00
0:50 Loom
9:46 Feudal Age
10:17 Double-Bit Axe
10:46 Horse Collar
21:36 Castle Age
21:54 Crossbowman
22:40 Thumb Ring
22:54 Fletching
28:09 Bow Saw
32:06 Arson
34:00 Wheelbarrow
34:19 Town Watch
34:48 Scale Mail Armor
34:58 Forging
38:04 Imperial Age
35:24 Champi Runner
36:39 Squires
36:36 Gold Mining
36:29 Champi Warrior
38:32 Chain Mail Armor
38:58 Fabric Shields
40:14 Plate Mail Armor
40:29 Hand Cart
40:07 Elite Champi Warrior
41:50 Iron Casting
45:13 Capped Ram
50:11 Blast Furnace
49:50 Siege Ram
Connection lost

Rejoining the realm…

Still unreachable

The connection could not be restored.

Session expired

The server has moved on; the page needs a fresh start.